 Dungeon Crawl Stone Soup version 0.25.1-2-g60ff931df9 (webtiles) character file.

Game seed: 11191824336054571268

7 Martska the Ruffian (level 2, 0/25 HPs)
             Began as a Naga Transmuter on Oct 14, 2020.
             Slain by a hobgoblin
             ... wielding a +0 club
              (2 damage)
             ... on level 2 of the Dungeon.
             The game lasted 00:00:41 (277 turns).

Martska the Ruffian (Naga Transmuter)                Turns: 277, Time: 00:00:41

Health: 0/25       AC:  1    Str: 12    XL:     2   Next: 0%
Magic:  5/5        EV: 10    Int: 13    God:
Gold:   9          SH:  0    Dex: 11    Spells: 4/5 levels left

rFire    . . .     SeeInvis +   e - +0 mace
rCold    . . .     Gourm    .   (no shield)
rNeg     . . .     Faith    .   b - +0 robe
rPois    +         Spirit   .   (no helmet)
rElec    .         Reflect  .   (no cloak)
rCorr    .         Harm     .   (no gloves)
MR       .....                  (no barding)
Stlth    +.........             (no amulet)
HPRegen  0.08/turn              (no ring)
MPRegen  0.09/turn              (no ring)

@: short of breath, very slow
A: large, see invisible, deformed body, poison resistance, slowness 2, slow
metabolism 1, spit poison 1, AC +0
a: Spit Poison


You were on level 2 of the Dungeon.
You were not hungry.

You visited 1 branch of the dungeon, and saw 2 of its levels.

You collected 9 gold pieces.

Inventory:

Hand Weapons
 e - a +0 mace (weapon)
Missiles
 a - 27 arrows
Armour
 b - a +0 robe (worn)
Scrolls
 c - a scroll of fear {unknown}
 g - a scroll of teleportation {unknown}
 h - a scroll of magic mapping {unknown}
Potions
 f - a potion of brilliance {unknown}
 i - a potion of stabbing {unknown}
Comestibles
 d - 2 rations


   Skills:
 - Level 1.0 Fighting
 - Level 1.5 Dodging
 - Level 3.0 Unarmed Combat
 - Level 2.0 Spellcasting
 * Level 2.6 Transmutations


You had 4 spell levels left.
You knew the following spells:

 Your Spells              Type           Power        Failure   Level  Hunger
a - Beastly Appendage     Tmut           #.....       9%          1    ##.....

Your spell library contained the following spells:

 Spells                   Type           Power        Failure   Level  Hunger
 Sticks to Snakes         Tmut           #.......     13%         2    ###....
 Spider Form              Tmut/Pois      #.........   41%         3    ####...
 Ice Form                 Ice/Tmut       #.......     82%         4    #####..
 Blade Hands              Tmut           #.........   93%         5    ######.


Dungeon Overview and Level Annotations

Branches:
Dungeon (2/15)

Altars:


Innate Abilities, Weirdness & Mutations

You cannot wear boots.
Your serpentine skin is tough. (AC +0)
You have supernaturally acute eyesight. (SInv)
Armour fits poorly on your strangely shaped body.
Your system is resistant to poisons. (rPois)
You cover ground very slowly.
You have a slow metabolism.
You can spit poison.


Message History

Found a ration, a scroll labeled AMNEBI XEOMI and a scroll labeled HUMITE WYHU.
There is a stone staircase leading up here.
Press: ? - help, Shift-Dir - straight line, f - adder
Aim: an adder (wandering, hasn't noticed you)
The splash of poison misses the adder.
You feel slightly more hungry.
A goblin comes into view. It is wielding a +0 club.
The adder hisses angrily.
You hit the adder but do no damage. The adder bites you. x2
You hit the adder.
The adder is severely wounded.
The adder bites you. The hobgoblin hits you with a +0 club.
* * * LOW HITPOINT WARNING * * *
The adder bites you.
* * * LOW HITPOINT WARNING * * *
You barely miss the adder.
The adder is severely wounded.
The hobgoblin hits you with a +0 club.
* * * LOW HITPOINT WARNING * * *
The adder barely misses you. The hobgoblin hits you with a +0 club.
You die...

.# ###. ....
#..? ###..#
....#
#..#.#..##.#
#......@...#
#...%.Sg.#.#
####.##..#
.. #..# ?.#
#g.# . ...#
#.## #.#


You could see an adder, a hobgoblin and a goblin.

Vanquished Creatures
  A giant cockroach (D:1)
  2 goblins (D:1)
  A ball python (D:1)
  2 kobolds (D:1)
6 creatures vanquished.

Notes
Turn   | Place    | Note
-------+----------+-------------------------------------------
     0 | D:1      | Martska the Naga Transmuter began the quest for the Orb.
     0 | D:1      | Reached XP level 1. HP: 18/18 MP: 3/3
   268 | D:1      | Reached XP level 2. HP: 25/25 MP: 5/5
   277 | D:2      | Slain by a hobgoblin

Illustrated notes

Levels and vault maps discovered:
D:1:      lightli_molten_gateway, layout_rooms
D:2:      layout_loops_ring, first_ration,
          chequers_ecumenical_altar_simple_redux, dk_vineyard_2

Action                   || total
-------------------------++-------
Melee: Mace              ||    12
 Abil: Spit Poison       ||     6
Armor: Robe              ||     3
Dodge: Dodged            ||     5
